 Dungeon Crawl Stone Soup version 0.26-a0-1191-ge2a0e31ab3 (webtiles) character file.

Game seed: 3791665063828249432

3661 Dirian the Cleaver (level 9, -9/79 HPs)
             Began as a Minotaur Fighter on Dec 28, 2020.
             Was a Believer of Makhleb.
             Mangled by Grum
             ... wielding a -2 halberd
              (22 damage)
             ... on level 8 of the Dungeon.
             The game lasted 00:13:34 (7678 turns).

Dirian the Cleaver (Minotaur Fighter)               Turns: 7678, Time: 00:13:35

Health: -9/79      AC:  8    Str: 24    XL:     9   Next: 89%
Magic:  11/11      EV:  7    Int:  5    God:    Makhleb [**....]
Gold:   621        SH: 12    Dex: 10    Spells: 8/8 levels left

rFire    . . .     SeeInvis .   a - +1 war axe
rCold    . . .     Faith    .   c - +1 kite shield
rNeg     . . .     Spirit   .   o - +0 chain mail
rPois    .         Reflect  .   (helmet restricted)
rElec    .         Harm     .   p - scarf {repulsion}
rCorr    .         Rampage  .   i - +0 pair of gloves
Will     .....                  (no boots)
Stlth    ..........             y - amulet of the acrobat
HPRegen  0.23/turn              (no ring)
MPRegen  0.12/turn              (no ring)

@: corroded, repel missiles
A: retaliatory headbutt, horns 2
a: Renounce Religion, Minor Destruction


You were on level 8 of the Dungeon.
You worshipped Makhleb.
Makhleb was pleased with you.
You visited 1 branch of the dungeon, and saw 8 of its levels.

You collected 621 gold pieces.

Inventory:

Hand Weapons
 a - a +1 war axe (weapon)
 l - a +1 scimitar of flaming
Armour
 c - a +1 kite shield (worn)
 i - a +0 pair of gloves (worn)
 k - a +0 plate armour
 o - a +0 chain mail (worn)
 p - a scarf of repulsion (worn)
Jewellery
 y - an amulet of the acrobat (around neck)
Wands
 s - a wand of polymorph (8)
 v - a wand of digging (11)
Scrolls
 f - 2 scrolls of enchant armour
 j - a scroll of fear {unknown}
 r - 5 scrolls of identify
 t - 3 scrolls of teleportation
 x - 7 scrolls of remove curse
 z - 2 scrolls of blinking
Potions
 b - a potion of magic
 d - 3 potions of might
 e - a potion of invisibility
 g - a potion of lignification
 h - a potion of haste
 m - a potion of berserk rage
 n - 4 potions of flight
 q - 2 potions of curing
 u - a potion of brilliance {unknown}
 w - 3 potions of heal wounds


   Skills:
 + Level 7.4 Fighting
 + Level 10.6 Axes
 + Level 8.1 Armour
 + Level 7.7 Shields
 - Level 5.0 Invocations


You had 8 spell levels left.
You didn't know any spells.
Your spell library contained the following spells:

 Spells                   Type           Power        Failure   Level
 Beastly Appendage        Tmut           0%           100%        1
 Magic Dart               Conj           0%           100%        1
 Summon Small Mammal      Summ           0%           100%        1
 Call Imp                 Summ           0%           100%        2
 Searing Ray              Conj           0%           100%        2
 Wereblood                Tmut           0%           100%        2
 Call Canine Familiar     Summ           0%           100%        3
 Confusing Touch          Hex            0%           100%        3
 Dazzling Flash           Conj/Hex       0%           100%        3
 Gell's Gravitas          Tloc           0%           100%        3
 Spider Form              Tmut/Pois      0%           100%        3
 Summon Guardian Golem    Hex/Summ       0%           100%        3
 Fulminant Prism          Conj/Hex       0%           100%        4
 Ice Form                 Ice/Tmut       0%           100%        4
 Iskenderun's Mystic Bla  Conj/Tloc      0%           100%        4
 Petrify                  Tmut/Erth      0%           100%        4
 Summon Ice Beast         Ice/Summ       0%           100%        4
 Summon Lightning Spire   Summ/Air       0%           100%        4
 Blade Hands              Tmut           0%           100%        5
 Metabolic Englaciation   Hex/Ice        0%           100%        5
 Yara's Violent Unravell  Hex/Tmut       0%           100%        5


Dungeon Overview and Level Annotations

Branches:
Dungeon (8/15)             Temple (0/1) D:4
   Lair: D:8-11

Altars:
Elyvilon
Gozag
Hepliaklqana
Makhleb
Nemelex Xobeh
Okawaru
Qazlal
Trog
Yredelemnul
Zin

Shops:
D:7 ?

Annotations:
D:8 exclusion: ice statue, Grum, Maurice


Innate Abilities, Weirdness & Mutations

You reflexively headbutt those who attack you in melee.
You have a pair of horns on your head.


Message History

You hit the quokka skeleton but do no damage.
You headbutt the quokka skeleton!
You destroy the quokka skeleton!
Makhleb accepts your kill. Grum barely misses you.
Maurice the Thief comes into view.
He is wielding a +0 short sword and carrying a wand of iceblast (9).
Maurice shouts!
Grum misses you. You furiously retaliate!
You headbutt Grum.
You see here a jackal corpse.
Your shield and chain mail prevent you from hitting Grum.
Grum is lightly wounded.
You block Grum's attack.
Maurice says, "Lost something?"
You slash Grum! Your headbutt misses Grum.
Grum is moderately wounded.
You block Grum's attack.
You slash Grum!
Grum is heavily wounded.
Grum hits you with a -2 halberd!!
You die...

... .#. .. .[. ... #.#
###.### #.##
.8..#.....#....
...#.S⌠..#..# .#.
8.8..⌠@⌠.†.# #... .
#..⌠..# #..# .? #.$g..#
.... ##.
###@#####.###.......
....
#..†..#.............
#...#.....#...# #......
#...........#.# #......
##..#.....#...####......
#..#.....#.............
#. ###.###.#.......(...
# (......#...........
.#####.##.......###.


You could see Maurice, Grum and an adder.

Vanquished Creatures
  Erica (D:8)
  Sigmund (D:5)
  Eustachio (D:6)
  The ghost of loralnil the Insei, an amateur OpTm (D:3)
  A water moccasin (D:6)
  An orc warrior (D:7)
  A black bear (D:7)
  A phantom (D:5)
  2 wolves (D:8)
  3 ogres
  A centaur (D:4)
  A wyvern zombie (D:7)
  4 bullfrogs
  3 scorpions (D:5)
  5 wights (D:7)
  2 howler monkeys
  A centaur zombie (D:5)
  A bullfrog zombie (D:8)
  2 hounds
  2 jellies
  2 orc priests
  Ijyb (D:3)
  2 orc wizards (D:5)
  2 bullfrog skeletons
  A centaur skeleton (D:8)
  Natasha (thrice) (D:3)
  3 iguanas
  7 worker ants
  A hound skeleton (D:8)
  3 worker ant zombies
  14 adders
  An ufetubus (D:7)
  An adder skeleton (D:5)
  6 worms
  4 dart slugs
  A leopard gecko (D:5)
  12 orcs
  2 ball pythons
  8 giant cockroaches
  6 goblins
  7 hobgoblins
  3 jackals (D:8)
  5 quokkas
  10 bats
  8 frilled lizards
  6 kobolds
  A leopard gecko skeleton (D:5)
  A quokka skeleton (D:8)
  2 quokka zombies
  11 rats
169 creatures vanquished.

Notes
Turn   | Place    | Note
-------+----------+-------------------------------------------
     0 | D:1      | Dirian the Minotaur Fighter began the quest for the Orb.
     0 | D:1      | Reached XP level 1. HP: 19/19 MP: 0/0
   164 | D:1      | Reached XP level 2. HP: 27/27 MP: 1/1
   776 | D:2      | Reached XP level 3. HP: 30/33 MP: 2/2
   963 | D:2      | Reached skill level 3 in Axes
  1033 | D:2      | Reached XP level 4. HP: 37/40 MP: 3/3
  1570 | D:3      | Reached skill level 4 in Axes
  1586 | D:3      | Noticed a moth of wrath
  1588 | D:3      | Found a bloodstained altar of Trog.
  1860 | D:3      | Found a runed translucent door.
  1861 | D:3      | Noticed a bullfrog
  1919 | D:3      | Noticed Ijyb
  1929 | D:3      | Noticed Natasha
  1934 | D:3      | Killed Ijyb
  1935 | D:3      | Reached XP level 5. HP: 22/47 MP: 4/4
  1939 | D:3      | Killed Natasha
  2018 | D:3      | Noticed Natasha
  2025 | D:3      | Killed Natasha
  2190 | D:3      | Found a burning altar of Makhleb.
  2190 | D:3      | Noticed a green death
  2194 | D:3      | Noticed a neqoxec
  2194 | D:3      | Noticed a hellwing
  2196 | D:3      | Became a worshipper of Makhleb the Destroyer
  2239 | D:3      | HP: 1/47 [something (7)]
  2246 | D:3      | Reached skill level 5 in Axes
  2593 | D:3      | Found a stormy altar of Qazlal.
  2731 | D:3      | Noticed Natasha
  2740 | D:3      | Killed Natasha
  2741 | D:3      | Reached XP level 6. HP: 53/53 MP: 5/5
  2751 | D:3      | Noticed loralnil's ghost (amateur OpTm)
  2861 | D:3      | Reached skill level 5 in Armour
  2861 | D:3      | Reached skill level 5 in Shields
  2861 | D:3      | Reached skill level 1 in Invocations
  2877 | D:3      | Killed loralnil's ghost
  3069 | D:4      | Reached skill level 6 in Axes
  3122 | D:4      | Reached XP level 7. HP: 50/60 MP: 7/7
  3179 | D:4      | Found a staircase to the Ecumenical Temple.
  3278 | D:4      | Reached skill level 5 in Fighting
  3550 | D:4      | Found a sparkling altar of Nemelex Xobeh.
  3553 | D:4      | Found a white marble altar of Elyvilon.
  3553 | D:4      | Found an iron altar of Okawaru.
  3553 | D:4      | Found a hazy altar of Hepliaklqana.
  3579 | D:4      | Reached * piety under Makhleb
  4088 | D:5      | Entered Level 5 of the Dungeon
  4199 | D:5      | Found a glowing silver altar of Zin.
  4217 | D:5      | Noticed Sigmund
  4244 | D:5      | Killed Sigmund
  4245 | D:5      | Reached skill level 7 in Axes
  4457 | D:5      | Reached XP level 8. HP: 68/68 MP: 9/9
  4507 | D:5      | Found a stormy altar of Qazlal.
  4900 | D:5      | Found an opulent altar of Gozag.
  4946 | D:5      | Reached skill level 8 in Axes
  4949 | D:5      | Reached ** piety under Makhleb
  5350 | D:6      | Noticed Eustachio
  5360 | D:6      | Killed Eustachio
  5527 | D:6      | Found a basalt altar of Yredelemnul.
  6166 | D:7      | Reached skill level 9 in Axes
  6166 | D:7      | Reached XP level 9. HP: 56/75 MP: 11/11
  6352 | D:7      | Found Eheupt's Magic Scroll Shoppe.
  7128 | D:8      | Noticed Erica
  7149 | D:8      | Killed Erica
  7150 | D:8      | Reached skill level 10 in Axes
  7150 | D:8      | Reached skill level 5 in Invocations
  7437 | D:8      | Noticed an ice statue
  7642 | D:8      | Noticed Grum
  7675 | D:8      | Noticed Maurice
  7678 | D:8      | Mangled by Grum

Illustrated notes

Levels and vault maps discovered:
D:1:      giann_horns, layout_loops_ring
D:2:      layout_basic
D:3:      layout_loops_ring, tgw_trog, old_standard_altar,
          ebering_ghost_sewer_d, makhleb_altar_promises_db, uniq_natasha,
          uniq_ijyb
D:4:      layout_loops_ring, grunt_temple_overflow_open,
          minmay_temple_entry_arrows
D:5:      layout_basic, pdpol_temple_overflow_zin_treasury_gozag_greed,
          minmay_ruined_shrine, uniq_sigmund
D:6:      layout_basic, old_standard_altar, uniq_eustachio
D:7:      layout_basic, serial_shops, kennysheep_little_box, chequers_garden
D:8:      lemuel_ice_statue, layout_basic, minmay_chambers_of_fives, uniq_grum,
          uniq_joseph, uniq_maurice, uniq_erica

Skill      XL: |  1  2  3  4  5  6  7  8  9 |
---------------+----------------------------+-----
Fighting       | 4 5 6 7 |  7.4
Shields        | 4 5 6 7 |  7.7
Armour         | 4 5 6 7 8 |  8.1
Axes           | 3 4 5 6 7 9 10 | 10.6
Invocations    | 1 2 4 5 |  5.0

Action                   |  1- 3 |  4- 6 |  7- 9 || total
-------------------------+-------+-------+-------++-------
Melee: War axe           |    81 |   162 |   298 ||   541
       Headbutt          |    13 |    18 |    61 ||    92
  Use: Potion            |       |     1 |     1 ||     2
       Scroll            |       |       |    18 ||    18
 Stab: Invisible         |       |       |     2 ||     2
Armor: Scale mail        |    38 |    63 |       ||   101
       Chain mail        |       |    25 |    89 ||   114
Dodge: Dodged            |    35 |    49 |    74 ||   158
Block: Kite shield       |    49 |    98 |   143 ||   290

Table legend: (Time is in decaauts)
 A = Elapsed time spent in this place.
 B = Non-inter-level travel time spent in this place.
 C = Inter-level travel time spent in this place.
 D = Time resting spent in this place.
 E = Time spent auto-exploring this place.
 F = Levels seen in this place.
 G = Mean time per level.
                   A        B        C        D        E       F      G
               +--------+--------+--------+--------+--------+-----+--------+
         Total |   7810 |   7501 |    309 |     20 |   6204 |   8 |  976.2 |
       Dungeon |   7810 |   7501 |    309 |     20 |   6204 |   8 |  976.2 |
               +--------+--------+--------+--------+--------+-----+--------+

Top non-repeatable levels by time:
     D:3: 1541 daAuts
     D:7: 1154 daAuts
     D:5: 1078 daAuts
     D:4: 1052 daAuts
     D:2: 940 daAuts
     D:6: 780 daAuts
     D:1: 654 daAuts
     D:8: 608 daAuts
